 Dungeon Crawl Stone Soup version 0.30-a0-748-ge6a52f7cba (webtiles) character file.

Game seed: 12194527642899758259

4305 scionoferis the Nimble (level 9, -15/74 HPs)
             Began as a Demigod Hexslinger on Feb 8, 2023.
             Demolished by a two-headed ogre
             ... wielding a +0 dire flail
              (22 damage)
             ... on level 9 of the Dungeon.
             The game lasted 00:23:24 (8053 turns).

scionoferis the Nimble (Demigod Hexslinger)         Turns: 8053, Time: 00:23:24

Health: -15/74     AC:  8    Str: 11    XL:     9   Next: 86%
Magic:  13/13      EV: 20    Int: 15    God:
Gold:   531        SH:  0    Dex: 26    Spells: 9/10 levels left

rFire   . . .      SeeInvis .    a - +3 great sword
rCold   + . .      Faith    .    (shield currently unavailable)
rNeg    . . .      Spirit   .    K - +0 steam dragon scales
rPois   .          Reflect  .    k - +0 helmet
rElec   .          Harm     .    z - +0 cloak
rCorr   .          Rampage  .    H - +0 pair of gloves
Will    .....                    (no boots)
Stlth   ++++                     N - amulet of magic regeneration
HPRegen 0.32/turn                x - ring of protection from cold
MPRegen 0.53/turn                (no ring)

@: no status effects
A: high MP 1, forlorn, divine attributes
a: no special abilities


You were on level 9 of the Dungeon.
You visited 1 branch of the dungeon, and saw 9 of its levels.

You collected 531 gold pieces.


Innate Abilities, Weirdness & Mutations

You have an increased reservoir of magic. (+10% MP)
You shall have no god before yourself.
Your divine heritage dramatically boosts your attributes as you level up.


   Skills:
 - Level 5.0 Fighting
 * Level 7.9 Long Blades
 - Level 1.7 Ranged Weapons
 * Level 8.6 Dodging
 - Level 5.0 Stealth
 - Level 1.0 Spellcasting
 - Level 2.6 Hexes


You had 9 spell levels left.
You knew the following spells:

 Your Spells              Type           Power      Damage    Failure   Level
a - Slow                  Hex            32%        N/A       9%          1

Your spell library contained the following spells:

 Spells                   Type           Power      Damage    Failure   Level
 Dazzling Flash           Conj/Hex       8%         N/A       38%         3
 Inner Flame              Hex/Fire       4%         N/A       38%         3
 Portal Projectile        Hex/Tloc       8%         N/A       38%         3
 Gell's Gravitas          Tloc           0%         N/A       58%         3
 Ignite Poison            Fire/Tmut/Pois 0%         N/A       58%         3
 Teleport Other           Tloc           0%         N/A       58%         3
 Cause Fear               Hex            4%         N/A       63%         4
 Airstrike                Air            0%         2d(0-16)  94%         4
 Sticky Flame             Conj/Fire      0%         2d3       94%         4
 Summon Lightning Spire   Summ/Air       0%         N/A       94%         4
 Silence                  Hex/Air        2%         N/A       98%         5
 Agony                    Necr           0%         N/A       100%        5
 Lightning Bolt           Conj/Air       0%         1d11      100%        5
 Dispersal                Tloc           0%         N/A       100%        6
 Ignition                 Fire           0%         3d3       100%        8

Inventory:

Hand Weapons
 a - a +3 great sword (weapon)
   (You took it off a wight on level 7 of the Dungeon)
 b - a +0 shortbow
   (You took it off a centaur on level 8 of the Dungeon)
 d - a +2 dagger of venom
   (You took it off a goblin on level 2 of the Dungeon)
 C - a +1 short sword of freezing
   (You took it off an orc on level 6 of the Dungeon)
Missiles
 o - 5 poisoned darts
 B - 3 boomerangs
 J - 2 curare-tipped darts (quivered)
Armour
 k - a +0 helmet (worn)
   (You took it off Robin on level 2 of the Dungeon)
 y - a +0 buckler
   (You found it on level 5 of the Dungeon)
 z - a +0 cloak (worn)
   (You took it off Crazy Yiuf on level 2 of the Dungeon)
 H - a +0 pair of gloves (worn)
   (You found it on level 1 of the Dungeon)
 K - +0 steam dragon scales (worn)
   (You found it on level 8 of the Dungeon)
Jewellery
 x - a ring of protection from cold (left hand)
   (You found it on level 5 of the Dungeon)
 N - an amulet of magic regeneration (around neck)
   (You found it on level 8 of the Dungeon)
Wands
 m - a wand of roots (5)
   (You found it on level 9 of the Dungeon)
 v - a wand of mindburst (21)
   (You found it on level 5 of the Dungeon)
 D - a wand of quicksilver (11)
   (You found it on level 7 of the Dungeon)
Scrolls
 h - 4 scrolls of teleportation
 i - 4 scrolls of vulnerability
 j - 2 scrolls of poison
 n - a scroll of fog {unknown}
 p - a scroll of brand weapon
 t - 4 scrolls of blinking
 A - a scroll of fear
 E - a scroll of magic mapping
 F - a scroll of amnesia
 I - a scroll of summoning
 O - a scroll of enchant weapon
Potions
 c - 2 potions of degeneration {unknown}
 e - a potion of brilliance {unknown}
 f - a potion of cancellation {unknown}
 g - 2 potions of curing
 l - a potion of mutation {unknown}
 q - 2 potions of heal wounds {unknown}
 r - 2 potions of attraction {unknown}
 s - 3 potions of might {unknown}
 u - 2 potions of lignification {unknown}
 w - a potion of flight {unknown}
 G - a potion of haste {unknown}
 L - a potion of resistance {unknown}
 M - a potion of experience {unknown}

Dungeon Overview and Level Annotations

Branches:
Dungeon (9/15)             Temple (0/1) D:7
   Lair: D:8-11         Orc: D:9-12

Annotations:
D:1 flight
D:6 Blork the orc, Menkaure

..........########..[...
#######(#........'......
#.##########...... #.#
#...... #.# #...... #.#
#...... #(# ####'## #O#
#..# ##@###### #.##
#.......# #.# #.......#
#.# #.......# #.#
#.......#######.#
#.............#.###
#......[#####......
####.#### ###.### #.##
#.#


You could see a two-headed ogre.


Message History

The orc is heavily wounded.
The orc hits you with a +0 club.
You slash the orc!
You kill the orc!
The orc wizard casts a spell.
The orc wizard flickers and vanishes!
Deactivating autopickup; reactivate with Ctrl-A.
The orc wizard hits you but does no damage.
You hit the orc wizard.
The orc wizard is lightly wounded.
The orc wizard hits you but does no damage.
You barely miss the orc wizard.
The orc wizard is lightly wounded.
The orc wizard casts a spell at you.
You are confused.
The orc wizard closely misses you.
You're too confused to attack without stumbling around!
You're too confused to attack without stumbling around!
You slash the orc wizard!
The orc wizard is almost dead.
The orc wizard points at you and mumbles some strange words.
You easily resist.
You bump into the rock wall.
The orc wizard hits you with a +0 dagger.
You closely miss the orc wizard.
The orc wizard is severely wounded.
The orc wizard points at you and mumbles some strange words.
The magic dart hits you. The orc wizard casts a spell at you.
You easily resist.
You're too confused to move!
The orc wizard casts a spell at you. The magic dart hits you!
You miss the orc wizard.
The orc wizard is severely wounded.
You feel less confused. The orc wizard misses you.
You barely miss the orc wizard.
The orc wizard is severely wounded.
The orc wizard gestures at you while chanting.
You are confused.
The orc wizard points at you and mumbles some strange words.
The puff of flame hits you.
You bump into the rock wall.
The orc wizard hits you but does no damage.
You slice the orc wizard!!
You kill the orc wizard!
You bump into the rock wall.
You barely miss something.
You bump into the rock wall.
You feel less confused. Something hits you.
You closely miss something. Something hits you. x2
You slice something!!
Reactivating autopickup.
You feel a bit more experienced.
You hit the orc.
The orc is severely wounded.
The orc barely misses you. The orc hits you but does no damage.
You slash the orc!
You kill the orc!
You closely miss the orc. The orc closely misses you.
You closely miss the orc. The orc hits you with a +0 dagger.
The orc closely misses you.
You slice the orc!!
You kill the orc!
Items here: ))))) [[[ ††.
There is a stone staircase leading up here.
You climb upwards.
There is a stone staircase leading down here.
You start resting.
HP restored.
You climb downwards.
There is a stone staircase leading up here.
b - a +1 sling (weapon)
Items here: ))))) [[[ ††.
There is a stone staircase leading down here.
You now have 380 gold pieces (gained 19).
A kobold comes into view. It is wielding a +0 whip.
The kobold shouts!
You hear a shout!
You shoot a sling bullet.
The sling bullet barely misses the kobold.
You hear a shout!
A kobold brigand comes into view.
It is wielding a +0 whip and quivering curare-tipped darts.
You shoot a sling bullet. The sling bullet hits the kobold.
You kill the kobold!
A kobold comes into view. It is wielding a +0 short sword.
You shoot a sling bullet.
The sling bullet hits the kobold brigand!
The kobold brigand is moderately wounded.
The kobold brigand throws a curare-tipped dart.
The curare-tipped dart hits you.
You are poisoned.
You have difficulty breathing.
You feel yourself slow down.
You shoot a sling bullet.
The sling bullet hits the kobold brigand.
The kobold brigand is moderately wounded.
You feel very sick.
A kobold comes into view. It is wielding a +0 dagger.
a - a +3 great sword (weapon)
You feel sick.
The kobold brigand throws a curare-tipped dart.
The curare-tipped dart hits you.
You are more poisoned.
You have difficulty breathing.
You feel as though you will be slow longer.
You feel better. The kobold brigand misses you.
The kobold brigand hits you with a +0 whip.
You barely miss the kobold brigand.
The kobold brigand is moderately wounded.
The kobold brigand closely misses you. The kobold brigand barely misses you.
You slash the kobold brigand!
The kobold brigand is heavily wounded.
The kobold brigand hits you with a +0 whip!
The kobold brigand barely misses you.
You slash the kobold brigand!
You kill the kobold brigand!
The kobold misses you.
Your life force feels restored.
You barely miss the kobold. The kobold closely misses you.
The kobold barely misses you. x2
You barely miss the kobold. The kobold closely misses you. x2
You slice the kobold!!
You kill the kobold!
The kobold hits you but does no damage.
You closely miss the kobold. The kobold hits you but does no damage.
The kobold misses you.
You slash the kobold!
You kill the kobold!
Items here: (( ))) †.
J - a curare-tipped dart
b - a +1 sling (weapon)
You feel yourself speed up.
HP restored.
You see here a +0 whip.
Found a robe.
You see here a +0 robe.
A necrophage comes into view.
You shoot a sling bullet.
The sling bullet hits the necrophage but does no damage.
You hear an angry hiss.
You shoot a sling bullet. The sling bullet hits the necrophage.
The necrophage is lightly damaged.
You hear an angry hiss.
You shoot a sling bullet. The sling bullet hits the necrophage.
The necrophage is moderately damaged.
A steam dragon comes into view.
You shoot a sling bullet.
The sling bullet hits the steam dragon but does no damage.
a - a +3 great sword (weapon)
You slash the steam dragon!
The steam dragon is moderately wounded.
The steam dragon closely misses you. The steam dragon misses you.
The steam dragon completely misses you. The steam dragon claws you.
You closely miss the steam dragon.
The steam dragon is moderately wounded.
The steam dragon breathes steam at you. The ball of steam hits you.
You hear an angry buzzing noise.
You closely miss the steam dragon.
The steam dragon is moderately wounded.
You are engulfed in a cloud of scalding steam.
A hornet comes into view.
The steam dragon completely misses you. The steam dragon closely misses you. x2
The steam dragon claws you but does no damage.
You hit the steam dragon but do no damage.
The steam dragon is moderately wounded.
You are engulfed in a cloud of scalding steam.
The steam dragon barely misses you.
The steam dragon claws you but does no damage.
You slash the steam dragon!
The steam dragon is almost dead.
The steam dragon misses you. The steam dragon claws you.
The steam dragon breathes steam at you. The ball of steam misses you.
You slice the steam dragon!!
You kill the steam dragon!
You are engulfed in a cloud of scalding steam.
You slice the necrophage!!
The necrophage is almost destroyed.
The necrophage is engulfed in a cloud of scalding steam.
The necrophage is destroyed!
Okay, then.
Aiming: Mindburst
Press: ? - help, Shift-Dir - straight line, f - hornet
Aim: a hornet (chance to affect: 55%)
The hornet's mind is blasted!
Aiming: Mindburst
Press: ? - help, Shift-Dir - straight line, f/p - hornet
Aim: a hornet (heavily wounded, chance to affect: 55%)
The hornet's mind is blasted!
The hornet barely misses you. The hornet misses you.
Aiming: Mindburst
Press: ? - help, Shift-Dir - straight line, f/p - hornet
Aim: a hornet (severely wounded, chance to affect: 55%)
The hornet resists with significant effort.
The hornet stings you.
You feel yourself slow down.
Aiming: Mindburst
Press: ? - help, Shift-Dir - straight line, f/p - hornet
Aim: a hornet (severely wounded, chance to affect: 55%)
The hornet's mind is blasted!
You blow up the hornet!
You feel yourself speed up.
You start resting.
HP restored.
b - a +1 sling (weapon)
You see here a necrophage corpse.
Found a stone staircase leading up.
There is a stone staircase leading up here.
You now have 390 gold pieces (gained 10).
There is a fountain of clear blue water here. 2 orcs come into view.
Found 9 gold pieces.
The orc shouts! x2; You hear a shout!
An orc comes into view. It is wielding a +0 short sword.
You shoot a sling bullet. The orc shouts!
The sling bullet hits the orc.
The orc is moderately wounded.
An orc comes into view. It is wielding a +0 whip.
You shoot a sling bullet. The sling bullet hits the orc.
The orc is heavily wounded.
a - a +3 great sword (weapon)
You closely miss the orc.
The orc is heavily wounded.
The orc misses you. The orc closely misses you.
You slash the orc!
You kill the orc!
You barely miss the orc. The orc barely misses you.
The orc hits you with a +0 flail.
You slice the orc!!
You kill the orc!
You slice the orc!!
You kill the orc!
You hit the orc.
The orc is severely wounded.
The orc completely misses you. The orc hits you with a +0 whip.
You hit the orc but do no damage.
The orc is severely wounded.
The orc closely misses you.
You hit the orc.
You kill the orc!
You swing at nothing.
B - 3 boomerangs (gained 2)
Items here: )))) [[[ ††††.
b - a +1 sling (weapon)
Found a ring mail.
You now have 399 gold pieces (gained 9).
J - 5 curare-tipped darts (gained 4)
Found a stone staircase leading down.
Found a pair of gloves.
There is a stone staircase leading down here.
n - 5 scrolls labelled KOUCAFF POMIMI (gained 1)
A kobold comes into view. It is wielding a +0 short sword.
Unknown command.
You shoot a sling bullet. The sling bullet hits the kobold.
You kill the kobold!
You hear a shout!
A kobold brigand comes into view.
It is wielding a +0 short sword and quivering curare-tipped darts.
You hear a shout!
You shoot a sling bullet.
The sling bullet misses the kobold brigand.
The kobold brigand throws a curare-tipped dart.
The curare-tipped dart misses you.
a - a +3 great sword (weapon)
You start waiting.
A kobold brigand is nearby!
A kobold comes into view. It is wielding a +0 dagger.
The kobold brigand barely misses you.
You closely miss the kobold brigand. The kobold brigand barely misses you.
You slash the kobold brigand!
The kobold brigand is heavily wounded.
The kobold brigand completely misses you.
You closely miss the kobold brigand.
The kobold brigand is heavily wounded.
The kobold brigand misses you.
You hit the kobold brigand.
The kobold brigand is severely wounded.
The kobold brigand misses you. The kobold barely misses you.
You slice the kobold brigand!!
You kill the kobold brigand!
The kobold hits you with a +0 dagger. The kobold hits you but does no damage.
You slice the kobold!!
You kill the kobold!
J - 6 curare-tipped darts (gained 1)
Things that are here:
a +0 short sword; a kobold corpse
Things that are here:
a +0 dagger; a kobold corpse
b - a +1 sling (weapon)
HP restored.
You now have 417 gold pieces (gained 18).
You now have 430 gold pieces (gained 13).
A water moccasin comes into view.
You see here a scroll of vulnerability.
Adjust to which letter? (? for menu, Esc to quit)
d - a +2 dagger of venom;
H - a +0 pair of gloves (worn)
a - a +3 great sword (weapon)
Your +2 dagger of venom begins to drip with poison!
d - a +2 dagger of venom (weapon)
The helpless water moccasin fails to defend itself.
You impale the water moccasin!!
You kill the water moccasin!
Your Long Blades skill increases to level 6!
Your +2 dagger of venom stops dripping with poison.
a - a +3 great sword (weapon)
b - a +1 sling (weapon)
i - 4 scrolls of vulnerability (gained 1)
A steam dragon comes into view.
Your +2 dagger of venom begins to drip with poison!
d - a +2 dagger of venom (weapon)
The steam dragon hisses angrily.
The steam dragon bites you. The steam dragon claws you.
You closely miss the steam dragon. The steam dragon completely misses you.
The steam dragon claws you but does no damage.
Your +2 dagger of venom stops dripping with poison.
a - a +3 great sword (weapon)
You hit the steam dragon.
The steam dragon is lightly wounded.
The steam dragon closely misses you. The steam dragon claws you.
The steam dragon closely misses you. The steam dragon misses you.
You slash the steam dragon!
The steam dragon is heavily wounded.
The steam dragon breathes steam at you. The ball of steam misses you.
You slash the steam dragon!
The steam dragon is almost dead.
You are engulfed in a cloud of scalding steam.
The steam dragon bites you but does no damage.
The steam dragon closely misses you.
You hit the steam dragon but do no damage.
The steam dragon is almost dead.
You are engulfed in a cloud of scalding steam.
The steam dragon bites you. The steam dragon barely misses you.
The steam dragon breathes steam at you. The ball of steam hits you!
The steam dragon closely misses you. The steam dragon completely misses you.
You slice the steam dragon!!
You kill the steam dragon!
The steam dragon scales are intact enough to wear.
Your Dodging skill increases to level 7!
You have reached level 9!
Your experience leads to a dramatic increase in your attributes!
Increase (S)trength, (I)ntelligence, or (D)exterity?
You feel agile. x4
Things that are here:
+0 steam dragon scales; a steam dragon corpse K - +0 steam dragon scales You start resting.
HP restored.
You start removing your armour.
You continue taking off your +0 robe. x4
You finish taking off your +0 robe.
You start putting on your armour.
You continue putting on your +0 steam dragon scales. x5
You finish putting on your +0 steam dragon scales.
You drop a +0 robe.
b - a +1 sling (weapon)
You see here a steam dragon corpse.
Found a dagger.
A bullfrog comes into view.
Your +2 dagger of venom begins to drip with poison!
d - a +2 dagger of venom (weapon)
The bullfrog croaks.
The bullfrog barely misses you.
You hit the bullfrog but do no damage.
The bullfrog is poisoned.
The bullfrog barely misses you.
Your +2 dagger of venom stops dripping with poison.
a - a +3 great sword (weapon)
The bullfrog hits you.
You slash the bullfrog!
The bullfrog is almost dead.
The bullfrog barely misses you. The bullfrog hits you.
You miss the bullfrog.
The bullfrog is almost dead.
The bullfrog hits you. The bullfrog closely misses you.
You closely miss the bullfrog.
The bullfrog is almost dead.
You kill the bullfrog!
No target in view!
b - a +1 sling (weapon)
You see here a bullfrog corpse.
A centaur comes into view. It is wielding a staff of death.
The centaur moves out of view.
Found a stone staircase leading down.
A bullfrog comes into view.
Found a ring mail.
You shoot a sling bullet.
The sling bullet completely misses the bullfrog.
The bullfrog gives a loud, deep croak!
You shoot a sling bullet.
The sling bullet hits the bullfrog but does no damage.
You shoot a sling bullet. The sling bullet hits the bullfrog.
The bullfrog is lightly wounded.
a - a +3 great sword (weapon)
The bullfrog misses you.
You slice the bullfrog!!
You kill the bullfrog!
No target in view!
b - a +1 sling (weapon)
You see here a +0 ring mail.
c - a purple potion
L - a fizzy blue potion You now have 442 gold pieces (gained 12).
M - a fizzy sapphire potion
Found a stone staircase leading up.
There is a stone staircase leading up here.
N - an amulet of magic regeneration You start putting on your amulet.
You continue putting on your amulet of magic regeneration. x5
You finish putting on your amulet of magic regeneration.
N - an amulet of magic regeneration (around neck)
A steam dragon comes into view.
The steam dragon hisses angrily.
You shoot a sling bullet.
The sling bullet hits the steam dragon but does no damage.
You shoot a sling bullet.
The sling bullet barely misses the steam dragon.
The steam dragon breathes steam at you. The ball of steam misses you.
No target in view!
a - a +3 great sword (weapon)
The steam dragon breathes steam at you. The ball of steam hits you. You resist.
The steam dragon completely misses you. The steam dragon barely misses you.
You barely miss the steam dragon. The steam dragon breathes steam at you.
The ball of steam misses you.
You slash the steam dragon!
The steam dragon is moderately wounded.
The steam dragon closely misses you. The steam dragon barely misses you.
The steam dragon bites you. The steam dragon barely misses you.
You closely miss the steam dragon.
The steam dragon is moderately wounded.
The steam dragon misses you. x2
You slice the steam dragon!!
The steam dragon is almost dead.
The steam dragon misses you. The steam dragon closely misses you.
You barely miss the steam dragon.
The steam dragon is almost dead.
The steam dragon breathes steam at you. The ball of steam hits you. You resist.
The steam dragon closely misses you. The steam dragon claws you.
You hit the steam dragon.
You kill the steam dragon!
Training target 5.0 for Stealth reached!
Your Stealth skill increases to level 5!
b - a +1 sling (weapon)
Found a chain mail.
A centaur is nearby!
a - a +3 great sword (weapon)
The centaur shouts!
The centaur closely misses you. The centaur kicks you.
You slice the centaur!!
You kill the centaur!
n - 6 scrolls labelled KOUCAFF POMIMI (gained 1)
Things that are here:
a staff of death; a +0 shortbow; a +0 robe
O - a +0 shortbow Adjust to which letter? (? for menu, Esc to quit)
b - a +0 shortbow;
O - a +1 sling You drop a +0 long sword.
You drop a +1 sling.
Things that are here:
a staff of death; a +0 robe
There is a fountain of clear blue water here.
h - 5 scrolls labelled MOTUAGAQACIKH (gained 1) Done exploring.
Unknown command.
Unknown command.
Done exploring.
There is a stone staircase leading down here.
You climb downwards.
Found a potion of curing and 4 gold pieces.
There is a stone staircase leading up here.
As you read the scroll labelled KOUCAFF POMIMI, it crumbles to dust.
It is a scroll of identify.
p - a scroll of brand weapon
As you read the scroll of identify, it crumbles to dust.
A - a scroll of fear
As you read the scroll of identify, it crumbles to dust.
E - a scroll of magic mapping
As you read the scroll of identify, it crumbles to dust.
F - a scroll of amnesia
As you read the scroll of identify, it crumbles to dust.
I - a scroll of summoning
As you read the scroll labelled MOTUAGAQACIKH, it crumbles to dust.
You feel strangely unstable.
It was a scroll of teleportation.
You climb upwards.
There is a stone staircase leading down here.
Your surroundings suddenly seem different.
There is a stone staircase leading down here.
You climb downwards.
There is a stone staircase leading up here.
As you read the scroll of identify, it crumbles to dust.
t - 4 scrolls of blinking
g - 4 potions of curing (gained 1)
You now have 446 gold pieces (gained 4).
You open the door.
There is an open door here.
You open the door. 5 killer bees come into view.
The killer bee buzzes angrily. x3; You hear an angry buzzing noise.
A killer bee comes into view.
Found an iron wand and 13 gold pieces.
Okay, then.
Unknown command.
Your +2 dagger of venom begins to drip with poison!
d - a +2 dagger of venom (weapon)
You barely miss the killer bee. The killer bee misses you.
You miss the killer bee. The killer bee misses you.
The killer bee attacks as you move away!
The killer bee closely misses you. x2; The killer bee completely misses you.
The killer bee stings you but does no damage.
The killer bee closely misses you. The killer bee misses you.
There is an open door here.
The killer bee misses you. The killer bee completely misses you.
There is a stone staircase leading up here.
The killer bee stings you. The killer bee closely misses you.
You climb upwards.
There is a stone staircase leading down here.
You barely miss the killer bee. The killer bee stings you.
You closely miss the killer bee. The killer bee closely misses you.
The killer bee completely misses you.
You barely miss the killer bee. The killer bee closely misses you. x2
You hit the killer bee.
The killer bee is poisoned.
The killer bee is lightly wounded.
The killer bee closely misses you.
You hit the killer bee but do no damage.
The killer bee looks as sick as possible!
The killer bee is lightly wounded.
The killer bee completely misses you. The killer bee closely misses you.
You barely miss the killer bee.
The killer bee is lightly wounded.
The killer bee misses you.
You barely miss the killer bee.
The killer bee is heavily wounded.
You kill the killer bee!
Training target 5.0 for Fighting reached!
Your Fighting skill increases to level 5!
You start resting.
HP restored.
Save game and exit?
Welcome back, scionoferis the Demigod Hexslinger.
Press ? for a list of commands and other information.
Unknown command.
Your +2 dagger of venom stops dripping with poison.
a - a +3 great sword (weapon)
You climb downwards.
The killer bee stings you. The killer bee completely misses you.
The killer bee closely misses you. The killer bee completely misses you.
The killer bee closely misses you. The killer bee stings you.
The killer bee completely misses you. The killer bee closely misses you.
The killer bee barely misses you. The killer bee completely misses you.
The killer bee closely misses you. The killer bee stings you.
There is a stone staircase leading up here.
The killer bee barely misses you. The killer bee completely misses you.
The killer bee barely misses you. The killer bee misses you.
The killer bee closely misses you. The killer bee completely misses you.
The killer bee misses you.
The killer bee stings you but does no damage.
You climb upwards.
There is a stone staircase leading down here.
Your +2 dagger of venom begins to drip with poison!
d - a +2 dagger of venom (weapon)
The killer bee barely misses you. The killer bee misses you. x2
You hit the killer bee.
The killer bee is poisoned.
The killer bee is lightly wounded.
The killer bee misses you. The killer bee closely misses you.
The killer bee stings you.
You hit the killer bee.
The killer bee looks even sicker.
The killer bee is moderately wounded.
The killer bee stings you. x2; The killer bee closely misses you.
The killer bee stings you. x2; The killer bee closely misses you.
You hit the killer bee but do no damage.
The killer bee is heavily wounded.
The killer bee barely misses you. The killer bee misses you.
The killer bee barely misses you. The killer bee misses you.
The killer bee stings you. The killer bee closely misses you.
You closely miss the killer bee.
The killer bee is heavily wounded.
The killer bee barely misses you. The killer bee stings you.
The killer bee barely misses you.
You hit the killer bee.
You kill the killer bee!
The killer bee misses you. The killer bee closely misses you. x2
The killer bee stings you.
You are poisoned.
The killer bee poisons you!
The killer bee attacks as you move away!
The killer bee misses you.
You feel very sick. The killer bee barely misses you.
You feel better. The killer bee completely misses you.
The killer bee stings you but does no damage.
You hit the killer bee.
The killer bee is poisoned.
The killer bee is lightly wounded.
The killer bee misses you.
You hit the killer bee but do no damage.
The killer bee is heavily wounded.
The killer bee stings you but does no damage.
The killer bee stings you.
You hit the killer bee but do no damage.
The killer bee looks as sick as possible!
The killer bee is heavily wounded.
The killer bee closely misses you. The killer bee barely misses you.
You barely miss the killer bee.
The killer bee is heavily wounded.
The killer bee stings you but does no damage.
You miss the killer bee.
The killer bee is almost dead.
You kill the killer bee!
The killer bee completely misses you.
You hit the killer bee.
The killer bee is poisoned.
The killer bee is lightly wounded.
The killer bee closely misses you.
You hit the killer bee but do no damage.
The killer bee looks as sick as possible!
The killer bee is lightly wounded.
The killer bee stings you but does no damage.
The killer bee completely misses you.
You miss the killer bee.
The killer bee is almost dead.
The killer bee stings you. The killer bee barely misses you.
You hit the killer bee.
You kill the killer bee!
You miss the killer bee. The killer bee misses you.
The killer bee closely misses you.
You puncture the killer bee!
The killer bee is heavily wounded.
The killer bee misses you.
You hit the killer bee.
The killer bee is heavily wounded.
The killer bee barely misses you. The killer bee completely misses you.
You miss the killer bee.
The killer bee is heavily wounded.
The killer bee misses you.
The killer bee stings you but does no damage.
You hit the killer bee.
The killer bee is poisoned.
The killer bee is severely wounded.
The killer bee misses you.
You miss the killer bee.
The killer bee is almost dead.
You kill the killer bee!
There is a stone staircase leading down, spattered with blood here.
Things that are here:
a killer bee corpse; a killer bee corpse You start resting.
HP restored.
You climb downwards.
There is a stone staircase leading up here.
Throw: 8 darts (poison)
Press: ? - help, Q - select action, (/) - cycle Shift-Dir - straight line, f - killer bee
Aim: a killer bee (wandering, hasn't noticed you, 44% to hit)
You throw a poisoned dart. The poisoned dart hits the killer bee.
The killer bee is poisoned.
The killer bee buzzes angrily.
Throw: 7 darts (poison)
Press: ? - help, Q - select action, (/) - cycle Shift-Dir - straight line, f/p - killer bee
Aim: a killer bee (lightly wounded, poisoned, 44% to hit)
You throw a poisoned dart.
The poisoned dart misses the killer bee.
You hit the killer bee.
The killer bee looks even sicker.
The killer bee is heavily wounded.
The killer bee stings you.
You are poisoned.
The killer bee poisons you!
You closely miss the killer bee.
The killer bee is almost dead.
You feel sick.
You kill the killer bee!
You feel sick.
You climb upwards.
You feel sick.
There is a stone staircase leading down, spattered with blood here.
Things that are here:
a killer bee corpse; a killer bee corpse You start resting.
You feel sick. x2
You are no longer poisoned.
You start resting.
HP restored.
Your +2 dagger of venom stops dripping with poison.
a - a +3 great sword (weapon)
You climb downwards.
There is a stone staircase leading up here.
o - 7 poisoned darts (gained 1)
o - 8 poisoned darts (gained 1)
There is an open door here.
Found a stone staircase leading up.
There is an open door here.
You now have 459 gold pieces (gained 13).
m - a wand of roots (5)
You now have 472 gold pieces (gained 13).
n - a scroll of identify You now have 481 gold pieces (gained 9).
You now have 499 gold pieces (gained 18).
You open the door. You open the door.
There is an open door here.
You open the door.
Found two stone staircases leading down.
There is an open door here.
You open the door.
There is an open door here.
You now have 501 gold pieces (gained 2).
You now have 516 gold pieces (gained 15).
Found a leather armour.
A troll comes into view.
Throw: 8 darts (poison)
Press: ? - help, Q - select action, (/) - cycle Shift-Dir - straight line, f - troll
Aim: a troll (wandering, hasn't noticed you, 67% to hit)
You throw a poisoned dart. The poisoned dart hits the troll.
The troll is poisoned.
The troll shouts!
Throw: 7 darts (poison)
Press: ? - help, Q - select action, (/) - cycle Shift-Dir - straight line, f/p - troll
Aim: a troll (lightly wounded, poisoned, 67% to hit)
You throw a poisoned dart. The poisoned dart hits the troll.
The troll looks even sicker.
The troll is lightly wounded.
Throw: 6 darts (poison)
Press: ? - help, Q - select action, (/) - cycle Shift-Dir - straight line, f/p - troll
Aim: a troll (lightly wounded, very poisoned, 67% to hit)
You throw a poisoned dart.
The poisoned dart closely misses the troll.
Throw: 5 darts (poison)
Press: ? - help, Q - select action, (/) - cycle Shift-Dir - straight line, f/p - troll
Aim: a troll (very poisoned, 67% to hit)
You throw a poisoned dart. The poisoned dart hits the troll.
The troll looks even sicker.
Throw: 4 darts (poison)
Press: ? - help, Q - select action, (/) - cycle Shift-Dir - straight line, f/p - troll
Aim: a troll (very poisoned, 67% to hit)
You throw a poisoned dart. The poisoned dart hits the troll.
Throw: 3 darts (poison)
Press: ? - help, Q - select action, (/) - cycle Shift-Dir - straight line, f/p - troll
Aim: a troll (very poisoned, 67% to hit)
You throw a poisoned dart. The poisoned dart hits the troll.
The troll looks as sick as possible!
You slash the troll!
The troll is lightly wounded.
The troll bites you! The troll completely misses you.
The troll barely misses you. x3; The troll closely misses you.
You slash the troll!
The troll is severely wounded.
The troll bites you! The troll completely misses you. The troll claws you.
You slash the troll!
You kill the troll!
Your Long Blades skill increases to level 7!
No target in view!
b - a +0 shortbow (weapon)
HP restored.
o - 3 poisoned darts (gained 1)
o - 4 poisoned darts (gained 1)
o - 5 poisoned darts (gained 1)
o - 6 poisoned darts (gained 1)
O - a scroll labelled DORPHA ZIEBRAS
As you read the scroll of identify, it crumbles to dust.
O - a scroll of enchant weapon A killer bee comes into view.
You shoot an arrow. The arrow hits the killer bee!
The killer bee buzzes angrily.
The killer bee is heavily wounded.
You hear an angry buzzing noise. x2
A killer bee comes into view. x5
The killer bee moves out of view.
Your +2 dagger of venom begins to drip with poison!
d - a +2 dagger of venom (weapon)
The killer bee buzzes angrily. x2
You miss the killer bee.
The killer bee is heavily wounded.
You barely miss the killer bee.
The killer bee is heavily wounded.
The killer bee barely misses you. The killer bee completely misses you.
You miss the killer bee.
The killer bee is heavily wounded.
The killer bee closely misses you. x2
You closely miss the killer bee.
The killer bee is heavily wounded.
The killer bee misses you. x3; The killer bee completely misses you.
You closely miss the killer bee.
The killer bee is heavily wounded.
The killer bee stings you but does no damage.
The killer bee barely misses you.
You barely miss the killer bee.
The killer bee is heavily wounded.
The killer bee completely misses you.
The killer bee stings you but does no damage.
The killer bee barely misses you. The killer bee misses you.
You closely miss the killer bee.
The killer bee is heavily wounded.
The killer bee misses you. x2; The killer bee stings you.
The killer bee barely misses you.
You hit the killer bee.
The killer bee is poisoned.
The killer bee is heavily wounded.
The killer bee barely misses you. The killer bee stings you.
You barely miss the killer bee.
The killer bee is almost dead.
You kill the killer bee!
The killer bee completely misses you.
You barely miss the killer bee. The killer bee stings you!
You hit the killer bee.
The killer bee is moderately wounded.
The killer bee stings you.
You are poisoned.
The killer bee poisons you! The killer bee closely misses you.
The killer bee barely misses you. The killer bee stings you.
You hit the killer bee.
The killer bee is poisoned.
The killer bee is heavily wounded.
You feel sick. The killer bee closely misses you.
The killer bee stings you but does no damage.
The killer bee completely misses you. The killer bee closely misses you.
You feel better. The killer bee misses you. The killer bee closely misses you.
The killer bee misses you. The killer bee closely misses you.
You barely miss the killer bee.
The killer bee is almost dead.
The killer bee misses you. The killer bee barely misses you.
You barely miss the killer bee.
The killer bee is almost dead.
You kill the killer bee!
The killer bee stings you! The killer bee misses you.
You closely miss the killer bee. You hit the killer bee.
The killer bee is poisoned.
The killer bee is lightly wounded.
The killer bee completely misses you. The killer bee barely misses you.
The killer bee completely misses you. The killer bee closely misses you.
You hit the killer bee.
The killer bee looks even sicker.
The killer bee is heavily wounded.
The killer bee closely misses you. The killer bee misses you.
The killer bee closely misses you. The killer bee misses you.
You closely miss the killer bee.
You kill the killer bee!
The killer bee misses you.
Your Dodging skill increases to level 8!
You hit the killer bee.
The killer bee is lightly wounded.
The killer bee stings you but does no damage.
The killer bee barely misses you. The killer bee misses you.
The killer bee barely misses you.
You hit the killer bee.
The killer bee is poisoned.
The killer bee is lightly wounded.
The killer bee barely misses you. x2
You hit the killer bee.
The killer bee looks as sick as possible!
The killer bee is moderately wounded.
The killer bee barely misses you. The killer bee completely misses you.
The killer bee closely misses you. The killer bee misses you.
You miss the killer bee.
The killer bee is almost dead.
You kill the killer bee!
You closely miss the killer bee.
The killer bee stings you but does no damage.
The killer bee barely misses you. The killer bee stings you.
The killer bee barely misses you.
You completely miss the killer bee. The killer bee stings you.
The killer bee barely misses you. The killer bee stings you.
The killer bee barely misses you.
You hit the killer bee.
The killer bee is poisoned.
The killer bee is moderately wounded.
The killer bee barely misses you. The killer bee misses you.
You hit the killer bee.
The killer bee is almost dead.
The killer bee stings you but does no damage.
The killer bee closely misses you. The killer bee barely misses you.
The killer bee completely misses you.
You hit the killer bee.
You kill the killer bee!
The killer bee barely misses you.
You hit the killer bee.
The killer bee is poisoned.
The killer bee is lightly wounded.
The killer bee stings you.
The killer bee stings you but does no damage.
You hit the killer bee.
The killer bee looks as sick as possible!
The killer bee is heavily wounded.
The killer bee completely misses you.
You miss the killer bee.
The killer bee is heavily wounded.
The killer bee misses you. The killer bee closely misses you.
You hit the killer bee.
The killer bee looks as sick as possible!
The killer bee is almost dead.
You kill the killer bee!
Your +2 dagger of venom stops dripping with poison.
a - a +3 great sword (weapon)
You start resting.
HP restored.
Found a robe.
b - a +0 shortbow (weapon)
You open the door.
Found a robe.
Found a chain mail.
There is an open door here.
c - 2 purple potions (gained 1)
You open the door.
There is an open door here.
You now have 531 gold pieces (gained 15).
n - a scroll labelled LIXOTIOTOC You open the door. 3 yaks and a troll come into view.
You shoot an arrow. The arrow hits the yak.
The yak is lightly wounded.
You hear a shout!
You hear a bellow!
You hear two shouts!
You shoot an arrow. The arrow hits the yak.
The yak is lightly wounded.
You shoot an arrow. The arrow hits the yak.
The yak is moderately wounded.
You shoot an arrow.
The arrow hits the yak but does no damage.
The yak is moderately wounded.
A yak comes into view. x2
a - a +3 great sword (weapon)
The yak bellows!
You hear a bellow!
The yak bellows!
You slash the yak!
The yak is heavily wounded.
The yak closely misses you. The yak misses you.
The yak bellows!
You slash the yak!
The yak is almost dead.
The yak gores you!
You slash the yak!
You kill the yak!
You slice the troll!!
The troll is severely wounded.
A two-headed ogre comes into view.
It is wielding a +0 dire flail and a +0 giant spiked club.
The troll bites you! The troll barely misses you. The troll claws you!
The troll closely misses you. The troll barely misses you.
The troll completely misses you.
You slash the troll!
The troll is almost dead.
The troll closely misses you. The troll misses you.
The troll barely misses you.
You barely miss the troll.
The troll is almost dead.
The troll completely misses you. The troll barely misses you.
The troll claws you but does no damage.
You slash the troll!
You kill the troll!
Unknown command.
Throw: 6 darts (poison)
Press: ? - help, Q - select action, (/) - cycle Shift-Dir - straight line, f - yak
Aim: a yak (76% to hit)
You throw a poisoned dart. The poisoned dart hits the yak.
The yak is poisoned.
You slash the yak!
The yak is moderately wounded.
The yak gores you!
You slice the yak!!
The yak is severely wounded.
The yak barely misses you.
You closely miss the yak.
The yak is almost dead.
The yak gores you but does no damage. The yak completely misses you.
You barely miss the yak.
The yak is almost dead.
The yak looks more healthy.
The yak barely misses you.
You slash the yak!
You kill the yak!
You barely miss the yak. The yak gores you but does no damage.
You slash the yak!
The yak is heavily wounded.
The yak gores you! x2
You slice the yak!!
The yak is almost dead.
The yak misses you.
You hit the yak.
You kill the yak!
You slice the yak!!
The yak is heavily wounded.
The yak misses you. x2
You slice the yak!!
You kill the yak!
Throw: 6 darts (curare)
Press: ? - help, Q - select action, (/) - cycle Shift-Dir - straight line, f - two-headed ogre
Aim: a two-headed ogre, wielding a +0 dire flail and a +0 giant spiked club (79% to hit)
You throw a curare-tipped dart.
The curare-tipped dart closely misses the two-headed ogre.
The two-headed ogre misses you.
The two-headed ogre hits you with a +0 giant spiked club!
* * * LOW HITPOINT WARNING * * *
Throw: 5 darts (curare)
Press: ? - help, Q - select action, (/) - cycle Shift-Dir - straight line, f/p - two-headed ogre
Aim: a two-headed ogre, wielding a +0 dire flail and a +0 giant spiked club (79% to hit)
You throw a curare-tipped dart.
The curare-tipped dart barely misses the two-headed ogre.
The two-headed ogre completely misses you. x2
Throw: 4 darts (curare)
Press: ? - help, Q - select action, (/) - cycle Shift-Dir - straight line, f/p - two-headed ogre
Aim: a two-headed ogre, wielding a +0 dire flail and a +0 giant spiked club (79% to hit)
You throw a curare-tipped dart.
The curare-tipped dart barely misses the two-headed ogre.
Throw: 3 darts (curare)
Press: ? - help, Q - select action, (/) - cycle Shift-Dir - straight line, f/p - two-headed ogre
Aim: a two-headed ogre, wielding a +0 dire flail and a +0 giant spiked club (79% to hit)
You throw a curare-tipped dart.
The curare-tipped dart barely misses the two-headed ogre.
The two-headed ogre hits you with a +0 dire flail!
* * * LOW HITPOINT WARNING * * *
The two-headed ogre hits you with a +0 giant spiked club!!
You die...

Skill      XL: |  1  2  3  4  5  6  7  8  9 |
---------------+----------------------------+-----
Fighting       | 1 2 3 4 5 |  5.0
Dodging        | 2 3 4 5 7 8 |  8.6
Stealth        | 1 2 3 4 5 |  5.0
Long Blades    | 1 2 3 4 6 7 |  7.9
Ranged Weapons | |  1.7
Spellcasting   | |  1.0
Hexes          | |  2.6

Action                     |  1- 3 |  4- 6 |  7- 9 || total
---------------------------+-------+-------+-------++-------
  Melee: Dagger            |    18 |   100 |   152 ||   270
         Punch             |       |     3 |       ||     3
         Long sword        |       |    26 |    21 ||    47
         Short sword       |       |       |     5 ||     5
         Great sword       |       |       |    83 ||    83
   Fire: Sling             |   112 |   110 |    39 ||   261
         Shortbow          |       |       |     5 ||     5
  Throw: Dart              |       |     5 |    17 ||    22
   Cast: Slow              |     1 |       |     1 ||     2
  Evoke: Wand              |       |       |     5 ||     5
    Use: Potion            |       |     2 |     3 ||     5
         Scroll            |       |       |     9 ||     9
   Stab: Sleeping          |       |     2 |     2 ||     4
         Distracted        |       |       |     1 ||     1
 Armour: Robe              |    18 |    19 |    23 ||    60
         Steam dragon scal |       |       |    17 ||    17
  Dodge: Dodged            |    40 |    79 |   281 ||   400
  Block: Buckler           |       |       |    16 ||    16

Levels and vault maps discovered:
D:1:      minmay_arrival_nine_rooms, layout_loops_ring, serial_rivers,
          chequers_serial_rivers_room_b, chequers_serial_rivers_small_3,
          chequers_serial_rivers_micro_b, chequers_serial_rivers_small_b,
          chequers_serial_rivers_micro_a
D:2:      layout_loops_ring, uniq_robin, uniq_crazy_yiuf_cottage
D:3:      layout_rooms, kennysheep_path_1
D:4:      layout_rooms, kennysheep_nondescript
D:5:      layout_basic
D:6:      layout_rooms, nicolae_ru_path_of_blood, uniq_blork_the_orc,
          uniq_menkaure
D:7:      layout_basic, overflow_temple_1_default, minmay_temple_entry_slanted
D:8:      layout_loops_ring, chequers_serial_rivers_micro_d, grunt_ministairs_1
D:9:      layout_roguey, chequers_serial_rivers_micro_a

Notes
Turn   | Place    | Note
-------+----------+-------------------------------------------
     0 | D:1      | scionoferis the Demigod Hexslinger began the quest for the
                  | Orb.
     0 | D:1      | Reached XP level 1. HP: 15/15 MP: 4/4
    57 | D:1      | Reached skill level 1 in Fighting
    79 | D:1      | Reached skill level 2 in Dodging
   125 | D:1      | Reached XP level 2. HP: 23/23 MP: 5/5
   487 | D:1      | Reached skill level 1 in Stealth
   525 | D:1      | Reached XP level 3. HP: 25/28 MP: 6/6
   966 | D:2      | Found a runed translucent door.
   967 | D:2      | Noticed Crazy Yiuf
  1026 | D:2      | Noticed Robin
  1031 | D:2      | Killed Robin
  1036 | D:2      | Reached skill level 3 in Dodging
  1765 | D:3      | Reached XP level 4. HP: 22/36 MP: 8/8
  1905 | D:3      | Reached skill level 2 in Fighting
  2001 | D:3      | Reached skill level 1 in Long Blades
  2669 | D:3      | Reached XP level 5. HP: 40/41 MP: 9/9
  2675 | D:3      | Reached skill level 2 in Stealth
  3197 | D:4      | Reached skill level 2 in Long Blades
  3251 | D:5      | Entered Level 5 of the Dungeon
  3381 | D:5      | Reached skill level 4 in Dodging
  3381 | D:5      | Reached XP level 6. HP: 50/50 MP: 10/10
  3550 | D:5      | HP: 3/50 [iguana (12)]
  3729 | D:5      | Reached skill level 3 in Long Blades
  3791 | D:5      | Reached skill level 3 in Fighting
  3791 | D:5      | Reached skill level 3 in Stealth
  3791 | D:5      | Reached XP level 7. HP: 30/57 MP: 11/11
  4346 | D:2      | Killed Crazy Yiuf
  4347 | D:2      | Reached skill level 5 in Dodging
  4576 | D:5      | Reached skill level 4 in Long Blades
  4772 | D:6      | Noticed Blork the orc
  4782 | D:6      | Noticed Menkaure
  4958 | D:7      | Found a staircase to the Ecumenical Temple.
  5055 | D:7      | Noticed a steam dragon
  5071 | D:7      | HP: 5/58 [steam dragon (10)]
  5072 | D:7      | Killed a steam dragon
  5073 | D:7      | Reached XP level 8. HP: 6/66 MP: 12/12
  5501 | D:7      | Reached skill level 4 in Fighting
  5501 | D:7      | Reached skill level 5 in Long Blades
  5501 | D:7      | Reached skill level 6 in Dodging
  5501 | D:7      | Reached skill level 4 in Stealth
  6443 | D:8      | Noticed a hornet
  6452 | D:8      | Killed a hornet
  6766 | D:8      | Reached skill level 6 in Long Blades
  6787 | D:8      | Reached skill level 7 in Dodging
  6787 | D:8      | Reached XP level 9. HP: 42/72 MP: 13/13
  7163 | D:8      | Reached skill level 5 in Stealth
  7454 | D:8      | Reached skill level 5 in Fighting
  7737 | D:9      | Reached skill level 7 in Long Blades
  7840 | D:9      | Reached skill level 8 in Dodging
  8011 | D:9      | Noticed a two-headed ogre
  8053 | D:9      | HP: 7/74 [two-headed ogre/+0 dire flail (15)]
  8053 | D:9      | Demolished by a two-headed ogre

Vanquished Creatures
  2 trolls (D:9)
  A hornet (D:8)
  4 yaks (D:9)
  5 steam dragons (D:7 D:8)
  3 water moccasins (D:6 D:7 D:8)
  An orc warrior (D:5)
  A black bear (D:5)
  An ogre (D:5)
  A centaur (D:8)
  A phantom (D:5)
  2 kobold brigands (D:8)
  2 bullfrogs (D:8)
  2 necrophages (D:5)
  3 wights (D:7)
  12 killer bees (D:8 D:9)
  2 hounds (D:5 D:6)
  Crazy Yiuf (D:2)
  An orc priest (D:6)
  A jelly (D:3)
  4 orc wizards (D:6 D:7 D:8)
  4 iguanas (D:3 D:5 D:7)
  Robin (D:2)
  4 gnolls (D:1 D:2 D:3)
  9 adders (D:3 D:4 D:5 D:6)
  A white imp (D:5)
  A worm (D:2)
  3 dart slugs (D:1 D:3)
  24 orcs (D:3 D:4 D:5 D:6 D:7)
  7 ball pythons (D:1 D:2 D:3 D:4)
  5 bats (D:1 D:3)
  5 endoplasms (D:1 D:2 D:3)
  A giant cockroach (D:1)
  11 goblins (D:1 D:2 D:3 D:4)
  9 hobgoblins (D:1 D:2 D:3 D:4)
  7 jackals (D:1 D:4)
  4 quokkas (D:2 D:3 D:4)
  4 frilled lizards (D:1 D:2 D:3)
  11 kobolds (D:1 D:2 D:3 D:4 D:8)
  2 rats (D:1 D:2)
163 creatures vanquished.

Vanquished Creatures (others)
  A necrophage (D:8)
1 creature vanquished.

Grand Total: 164 creatures vanquished

Table legend: (Time is in decaauts)
 A = Elapsed time spent in this place.
 B = Non-inter-level travel time spent in this place.
 C = Inter-level travel time spent in this place.
 D = Time resting spent in this place.
 E = Time spent auto-exploring this place.
 F = Levels seen in this place.
 G = Mean time per level.
                   A        B        C        D        E       F      G
               +--------+--------+--------+--------+--------+-----+--------+
         Total |   8126 |   7696 |    430 |   1603 |   4459 |   9 |  902.9 |
       Dungeon |   8126 |   7696 |    430 |   1603 |   4459 |   9 |  902.9 |
               +--------+--------+--------+--------+--------+-----+--------+

Top non-repeatable levels by time:
     D:7: 1417 daAuts
     D:8: 1324 daAuts
     D:2: 1151 daAuts
     D:5: 1126 daAuts
     D:3: 895 daAuts
     D:1: 886 daAuts
     D:4: 609 daAuts
     D:9: 480 daAuts
     D:6: 234 daAuts

Table legend:
 A = Non-vault XP
 B = Vault XP
 C = Vault XP percentage of total XP
 D = Non-vault monster count
 E = Vault monster count
 F = Vault count percentage of total count
                 A         B        C        D         E       F
            +---------+---------+-------+---------+---------+-------
      Total |    5736 |     415 |   6.7 |     152 |      12 |   7.3
            +---------+---------+-------+---------+---------+-------
        D:1 |      56 |       0 |   0.0 |      22 |       0 |   0.0
        D:2 |      35 |      71 |  67.0 |      12 |      10 |  45.5
        D:3 |     152 |       0 |   0.0 |      22 |       0 |   0.0
        D:4 |      67 |       0 |   0.0 |      16 |       0 |   0.0
        D:5 |     855 |       0 |   0.0 |      20 |       0 |   0.0
        D:6 |     290 |       0 |   0.0 |       9 |       0 |   0.0
        D:7 |     807 |       0 |   0.0 |      10 |       0 |   0.0
        D:8 |    1594 |     344 |  17.8 |      28 |       2 |   6.7
        D:9 |    1880 |       0 |   0.0 |      13 |       0 |   0.0
            +---------+---------+-------+---------+---------+-------
